 Dungeon Crawl Stone Soup version 0.29-a0-96-g93358da72b (webtiles) character file.

Game seed: 18264605242855047823

2046 drugrobin the Poker (level 8, -3/69 HPs)
             Began as a Demigod Warper on Feb 11, 2022.
             Slain by an orc warrior (16 damage)
             ... in a bailey.
             The game lasted 00:27:10 (13305 turns).

drugrobin the Poker (Demigod Warper)               Turns: 13305, Time: 00:27:11

Health: -3/69      AC:  4    Str: 16    XL:     8   Next: 75%
Magic:  1/13       EV: 12    Int: 15    God:
Gold:   433        SH:  0    Dex: 17    Spells: 2/10 levels left

rFire   . . .      SeeInvis .   c - +4 quarterstaff (chaos)
rCold   + . .      Faith    .   (shield currently unavailable)
rNeg    . . .      Spirit   .   t - +0 leather armour
rPois   .          Reflect  .   (no helmet)
rElec   .          Harm     .   F - +0 cloak
rCorr   .          Rampage  .   (no gloves)
Will    .....                   (no boots)
Stlth   +.........              (no amulet)
HPRegen 0.21/turn               p - ring of protection from cold
MPRegen 0.13/turn               (no ring)

@: on blink cooldown
A: high MP 1, forlorn, divine attributes
a: no special abilities


You were in a bailey.
You visited 1 branch of the dungeon, and saw 8 of its levels.
You also visited: Bailey.

You collected 433 gold pieces.

Inventory:

Hand Weapons
 a - a +0 antimagic spear
 b - a +1 hunting sling of flaming
 c - a +4 quarterstaff of chaos (weapon)
 o - a +4 hand axe
Missiles
 d - 3 boomerangs of dispersal
 f - 199 stones
 j - 59 bolts
 l - 5 poisoned darts
 v - 11 boomerangs (quivered)
Armour
 n - a +3 buckler
 t - a +0 leather armour (worn)
 F - a +0 cloak (worn)
Magical Staves
 s - a staff of conjuration
Jewellery
 p - a ring of protection from cold (left hand)
Wands
 x - a wand of mindburst (12)
 A - a wand of digging (14)
 E - a wand of polymorph (5)
Scrolls
 e - 4 scrolls of teleportation {unknown}
 g - a scroll of vulnerability
 i - a scroll of holy word {unknown}
 m - a scroll of enchant armour
 y - a scroll of fog
Potions
 h - a potion of mutation {unknown}
 k - 4 potions of curing
 q - 2 potions of invisibility {unknown}
 u - a potion of resistance {unknown}
 w - a potion of brilliance {unknown}
 z - 2 potions of haste {unknown}
 B - 2 potions of ambrosia {unknown}
 C - 3 potions of lignification {unknown}
 D - a potion of degeneration {unknown}


   Skills:
 + Level 5.4 Fighting
 + Level 7.8 Polearms
 - Level 0.8 Throwing
 - Level 0.8 Armour
 - Level 1.7 Dodging
 - Level 1.7 Spellcasting
 + Level 6.3 Translocations


You had 2 spell levels left.
You knew the following spells:

 Your Spells              Type           Power      Damage    Failure   Level
a - Blink                 Tloc           40%        N/A       3%          2
b - Teleport Other        Tloc           20%        N/A       6%          3
c - Gell's Gravitas       Tloc           20%        N/A       6%          3

Your spell library contained the following spells:

 Spells                   Type           Power      Damage    Failure   Level
 Beastly Appendage        Tmut           2%         N/A       28%         1
 Freeze                   Ice            4%         1d3       28%         1
 Magic Dart               Conj           4%         1d3       28%         1
 Pain                     Necr           4%         1d4       28%         1
 Call Imp                 Summ           1%         N/A       38%         2
 Lesser Beckoning         Tloc           20%        N/A       6%          3
 Manifold Assault         Tloc           20%        N/A       50%         5
 Mephitic Cloud           Conj/Pois/Air  1%         N/A       63%         3
 Summon Guardian Golem    Hex/Summ       1%         N/A       63%         3
 Agony                    Necr           1%         N/A       100%        5
 Excruciating Wounds      Necr           0%         N/A       100%        5
 Orb of Destruction       Conj           0%         9d5       100%        7
 Spellforged Servitor     Conj/Summ      0%         N/A       100%        7


Dungeon Overview and Level Annotations

Branches:
Dungeon (8/15)             Temple (0/1) D:5            Lair (0/6) D:8
 Bailey (1/1)

Shops:
D:1 (?(   D:3 :!   D:5 =

Annotations:
D:3 Grinder Bailey 3 runed translucent doors


Innate Abilities, Weirdness & Mutations

You have an increased reservoir of magic. (+10% MP)
You shall have no god before yourself.
Your divine heritage dramatically boosts your attributes as you level up.


Message History

The orc warrior is moderately wounded.
Unknown command.
Throw: 11 boomerangs
Press: ? - help, Q - select action, (/) - cycle Shift-Dir - straight line, f/p - orc warrior
Aim: an orc warrior, wielding a +0 war axe and wearing a +0 ring mail (moderately wounded, 55% to hit)
You throw a boomerang.
The boomerang barely misses the orc warrior.
Unknown command.
Throw: 11 boomerangs
Press: ? - help, Q - select action, (/) - cycle Shift-Dir - straight line, f/p - orc warrior
Aim: an orc warrior, wielding a +0 war axe and wearing a +0 ring mail (moderately wounded, 55% to hit)
You throw a boomerang.
The boomerang closely misses the orc warrior.
Unknown command.
Throw: 11 boomerangs
Press: ? - help, Q - select action, (/) - cycle Shift-Dir - straight line, f/p - orc warrior
Aim: an orc warrior, wielding a +0 war axe and wearing a +0 ring mail (moderately wounded, 55% to hit)
You throw a boomerang. The boomerang hits the orc warrior.
The orc warrior is heavily wounded.
The orc warrior hits you with a +0 war axe!
* * * LOW HITPOINT WARNING * * *
Unknown command.
Casting: Teleport Other (dangerous; 6% risk of failure)
Confirm with . or Enter, or press ? or * to list all spells.
You blink.
Okay, then.
Okay, then.
Unknown command.
Throw: throwing net
Press: ? - help, Shift-Dir - straight line, f/p - orc warrior
Aim: an orc warrior, wielding a +0 war axe and wearing a +0 ring mail (heavily wounded, 55% to hit)
You throw a throwing net.
The throwing net closely misses the orc warrior.
Unknown command.
Aiming: Mindburst
Press: ? - help, Shift-Dir - straight line, f/p - orc warrior
Aim: an orc warrior, wielding a +0 war axe and wearing a +0 ring mail (heavily wounded, chance to affect: 64%)
The orc warrior struggles to resist.
The orc warrior hits you with a +0 war axe!
You die...

##...##..... ♣♣≈≈
##.....##....
♣≈≈≈##...8...##≈≈≈
♣≈≈##.........#≈≈≈
♣≈≈#..........#≈≈≈
♣≈≈#..8..8....'...
♣≈≈#........######
♣≈≈##......##≈≈≈#≈
♣@..##.....#≈:....
♣o...##....#≈!....
♣♣.....#....##8.8..
♣.(....).....#.....
♣∩)∩.[.)...).#....∩
♣......'.)...#.....
♣♣.....#....##8.8..
♣....##....#≈!....
♣...##..)..#≈[....


You could see an orc warrior.

Vanquished Creatures
  A water moccasin (D:7)
  3 orc warriors
  A sky beast (D:7)
  2 ogres
  A necrophage (D:6)
  2 phantoms
  A bullfrog (D:7)
  A water moccasin zombie (D:4)
  A scorpion (D:5)
  A water moccasin skeleton (D:5)
  5 wights
  A howler monkey (D:5)
  5 hounds
  2 orc priests
  A jelly (D:7)
  Crazy Yiuf (D:7)
  2 centaur skeletons (D:7)
  A gnoll shaman (D:7)
  An iguana (D:5)
  An orc wizard (D:6)
  2 hound skeletons (D:4)
  8 gnolls
  5 adders
  A howler monkey skeleton (D:5)
  A shadow imp (D:7)
  A white imp (D:5)
  2 dart slugs (D:2)
  15 orcs
  7 ball pythons
  4 bats
  9 endoplasms
  5 giant cockroaches
  9 goblins
  6 hobgoblins
  7 jackals
  16 kobolds
  3 quokkas
  6 frilled lizards
  4 rats
145 creatures vanquished.

Notes
Turn   | Place    | Note
-------+----------+-------------------------------------------
     0 | D:1      | drugrobin the Demigod Warper began the quest for the Orb.
     0 | D:1      | Reached XP level 1. HP: 17/17 MP: 5/5
    51 | D:1      | Reached skill level 2 in Polearms
   280 | D:1      | Reached XP level 2. HP: 8/24 MP: 7/7
   543 | D:1      | Found Ahaa's Weapon Shop.
   815 | D:1      | Found Vinawire's Magic Scroll Boutique.
   918 | D:1      | Found Lymorounk's Antique Weapon Emporium.
  1266 | D:2      | Reached skill level 3 in Polearms
  1769 | D:2      | Reached XP level 3. HP: 19/29 MP: 8/8
  2018 | D:2      | Learned a level 2 spell: Blink
  3414 | D:3      | Reached skill level 4 in Polearms
  3682 | D:3      | Reached XP level 4. HP: 32/36 MP: 9/9
  4087 | D:3      | Found Paippiu's Distillery.
  4174 | D:3      | Noticed Grinder
  4187 | D:3      | Paralysed by Grinder for 3 turns
  4278 | D:4      | Noticed a phantom
  4343 | D:4      | Killed a phantom
  4344 | D:4      | Reached skill level 5 in Polearms
  4344 | D:4      | Reached XP level 5. HP: 12/41 MP: 3/10
  4625 | D:4      | Got An Introduction to Spellcraft
  4634 | D:4      | Learned a level 3 spell: Teleport Other
  4688 | D:4      | Noticed an ogre
  4714 | D:4      | Killed an ogre
  4722 | D:4      | Reached XP level 6. HP: 41/48 MP: 9/11
  5460 | D:4      | Learned a level 3 spell: Gell's Gravitas
  5673 | D:3      | Found Nirye's Book Shop.
  5870 | D:5      | Entered Level 5 of the Dungeon
  5892 | D:5      | Reached skill level 6 in Polearms
  6135 | D:5      | Found a staircase to the Ecumenical Temple.
  6609 | D:5      | Reached XP level 7. HP: 31/56 MP: 12/12
  6804 | D:5      | Found Yrphak's Jewellery Shop.
  8716 | D:5      | Reached skill level 5 in Translocations
  9369 | D:6      | Reached skill level 7 in Polearms
  9369 | D:6      | Reached XP level 8. HP: 47/62 MP: 9/13
 10257 | D:7      | Found a runed translucent door.
 10258 | D:7      | Noticed Crazy Yiuf
 11438 | D:7      | HP: 3/67 [orc warrior (14)]
 11964 | D:7      | Reached skill level 5 in Fighting
 12485 | D:7      | Killed Crazy Yiuf
 12591 | D:8      | Found a staircase to the Lair.
 12592 | D:8      | Found a flagged portal.
 12598 | Bailey   | Entered a bailey
 12645 | Bailey   | Noticed an orc warlord
 13116 | Bailey   | Found a runed translucent gate.
 13119 | Bailey   | Found a runed translucent gate.
 13120 | Bailey   | Found a runed translucent gate.
 13121 | Bailey   | Noticed an orc knight
 13187 | Bailey   | HP: 2/69 [orc (8)]
 13305 | Bailey   | Slain by an orc warrior

Illustrated notes

Levels and vault maps discovered:
D:1:      lightli_arrival_chessboard, layout_basic,
          hellmonk_ecumenical_altar_heavens_door, serial_shops, shop, shop, shop
D:2:      cheibrodos_helix_gallery, layout_loops_corners,
          serial_co_window_serial, co_window_of_opportunity_a,
          co_window_corner_a, co_window_paths_a, co_window_corner_a,
          co_window_corner_a, co_window_paths_c, co_window_corner_b,
          co_window_corner_b, co_window_4corner_a, basic_altar
D:3:      layout_loops_cross, serial_shops, shop_fountains, shop, uniq_grinder
D:4:      layout_basic, nicolae_ashenzari_skybound
D:5:      layout_loops_ring, minmay_temple_entry_nine_rooms, serial_shops,
          nicolae_square_shop
D:6:      layout_loops_corners
D:7:      layout_loops_corners, amethyst_killhole, uniq_crazy_yiuf_cottage
D:8:      layout_rooms, lair_entry_dummy, enter_bailey_2, uniq_harold
Bailey:   bailey_axe_bossmonster_kennysheep, bailey

Skill      XL: |  1  2  3  4  5  6  7  8 |
---------------+-------------------------+-----
Polearms       | 2 3 4 5 6 7 |  7.8
Translocations | 3 4 5 6 |  6.3
Fighting       | 2 4 5 |  5.4
Throwing       | |  0.8
Armour         | |  0.8
Dodging        | |  1.7
Spellcasting   | |  1.7

Action                   |  1- 3 |  4- 6 |  7- 9 || total
-------------------------+-------+-------+-------++-------
Melee: Spear             |   213 |   162 |   163 ||   538
       Punch             |     1 |       |       ||     1
       Quarterstaff      |       |       |    22 ||    22
       Hand axe          |       |       |    19 ||    19
       Hunting sling     |       |       |     2 ||     2
 Fire: Hunting sling     |       |    53 |   129 ||   182
Throw: Stone             |     6 |     2 |       ||     8
       Dart              |     8 |     5 |     8 ||    21
       Throwing net      |     1 |       |     2 ||     3
       Boomerang         |       |     2 |    10 ||    12
 Cast: Blink             |       |     8 |    23 ||    31
       Teleport Other    |       |       |     7 ||     7
       Gell's Gravitas   |       |       |     4 ||     4
Evoke: Wand              |       |     1 |    11 ||    12
  Use: Scroll            |       |       |     9 ||     9
       Potion            |       |       |     1 ||     1
 Stab: Sleeping          |     4 |       |       ||     4
Armor: Leather armour    |    47 |    30 |    25 ||   102
Dodge: Dodged            |   121 |    59 |    91 ||   271
Block: Buckler           |    23 |    43 |    66 ||   132

Table legend: (Time is in decaauts)
 A = Elapsed time spent in this place.
 B = Non-inter-level travel time spent in this place.
 C = Inter-level travel time spent in this place.
 D = Time resting spent in this place.
 E = Time spent auto-exploring this place.
 F = Levels seen in this place.
 G = Mean time per level.
                   A        B        C        D        E       F      G
               +--------+--------+--------+--------+--------+-----+--------+
         Total |  13273 |  12627 |    646 |   4258 |   6180 |   9 | 1474.8 |
       Dungeon |  12561 |  11915 |    646 |   3907 |   6059 |   8 | 1570.1 |
        Bailey |    712 |    712 |      0 |    351 |    121 |   1 |  712.0 |
               +--------+--------+--------+--------+--------+-----+--------+

Top non-repeatable levels by time:
     D:7: 2459 daAuts
     D:2: 2080 daAuts
     D:5: 2001 daAuts
     D:6: 1907 daAuts
     D:4: 1647 daAuts
     D:1: 1458 daAuts
     D:3: 969 daAuts
  Bailey: 712 daAuts
     D:8: 35 daAuts
